 Dungeon Crawl Stone Soup version 0.27-a0-1200-g94dc6ad4cf (webtiles) character file.

Game seed: 1423187844153816959

140 27snakeeyes612 the Covered (level 5, 0/33 HPs)
             Began as a Gargoyle Fighter on May 31, 2021.
             Slain by a river rat (6 damage)
             ... on level 4 of the Dungeon.
             The game lasted 00:02:44 (2741 turns).

27snakeeyes612 the Covered (Gargoyle Fighter)       Turns: 2741, Time: 00:02:44

Health: 0/33       AC: 12    Str: 20    XL:     5   Next: 23%
Magic:  5/5        EV:  7    Int:  9    God:
Gold:   83         SH:  9    Dex:  9    Spells: 4/4 levels left

rFire    . . .     SeeInvis .   a - +0 flail
rCold    . . .     Faith    .   c - +0 kite shield
rNeg     + . .     Spirit   .   b - +0 scale mail
rPois    ∞         Reflect  .   (no helmet)
rElec    +         Harm     .   (no cloak)
rCorr    .         Rampage  .   i - +0 pair of gloves
Will     .....                  (no boots)
Stlth    ..........             (no amulet)
HPRegen  0.11/turn              (no ring)
MPRegen  0.09/turn              (no ring)

@: mighty
A: sickness immunity, AC +4, negative energy resistance 1, electricity
resistance, torment resistance 1, petrification resistance
a: no special abilities


You were on level 4 of the Dungeon.
You visited 1 branch of the dungeon, and saw 4 of its levels.

You collected 83 gold pieces.

Inventory:

Hand Weapons
 a - a +0 flail (weapon)
Armour
 b - a +0 scale mail (worn)
 c - a +0 kite shield (worn)
 i - a +0 pair of gloves (worn)
Scrolls
 e - 4 scrolls of identify {unknown}
 g - a scroll of magic mapping {unknown}
 h - a scroll of amnesia {unknown}
 j - 2 scrolls of silence {unknown}
 k - a scroll of enchant weapon {unknown}
 m - 2 scrolls of noise {unknown}
Potions
 d - a potion of might
 f - a potion of cancellation {unknown}
 l - a potion of berserk rage {unknown}


   Skills:
 + Level 3.7 Fighting
 + Level 3.8 Maces & Flails
 + Level 4.1 Armour
 + Level 0.4 Dodging
 + Level 3.9 Shields


You had 4 spell levels left.
You didn't know any spells.
Your spell library was empty.

Dungeon Overview and Level Annotations

Branches:
Dungeon (4/15)
 Temple: D:4-7

Altars:
Ru

Portals:
Ossuary: D:4

Annotations:
D:3 1 runed translucent door, endorz's ghost, amateur OpTm


Innate Abilities, Weirdness & Mutations

You are immune to sickness and miasma.
Your stone body is resilient. (AC +4)
You are immune to poison.
You resist negative energy. (rN+)
You are resistant to electric shocks. (rElec)
You are resistant to unholy torment.
You are immune to petrification.


Message History

You hear the hiss of flowing sand.
There is an entrance to an ossuary on this level.
Hurry and find it before the portal is buried!
Found a sand-covered staircase.
There is a stone staircase leading up here.
The bullfrog hits you but does no damage.
You thump the bullfrog!
The bullfrog is heavily wounded.
You block the bullfrog's attack.
The bullfrog hits you but does no damage.
The bullfrog hits you.
You hit the bullfrog.
The bullfrog is severely wounded.
The bullfrog hits you but does no damage.
The bullfrog hits you.
You hit the bullfrog but do no damage.
The bullfrog is severely wounded.
You block the bullfrog's attack. The bullfrog hits you.
* * * LOW HITPOINT WARNING * * *
You feel very mighty all of a sudden. You block the bullfrog's attack.
The bullfrog closely misses you.
You closely miss the bullfrog.
The bullfrog is severely wounded.
You block the bullfrog's attack. x2
You closely miss the bullfrog.
The bullfrog is severely wounded.
You block the bullfrog's attack. The bullfrog hits you.
* * * LOW HITPOINT WARNING * * *
You sock the bullfrog!
You kill the bullfrog!
The river rat bites you.
* * * LOW HITPOINT WARNING * * *
Your Armour skill increases to level 4!
You have reached level 5!
You closely miss the river rat. You block the river rat's attack.
Your shield prevents you from hitting the river rat.
You block the river rat's attack. x2
You hit the river rat.
The river rat is heavily wounded.
The river rat bites you.
You die...

....# ....#
.∩.. ... ..
.#
#.######.#
#...@r.<.#
########...#
####


You could see a river rat.

Vanquished Creatures
  A bullfrog (D:4)
  2 adders (D:2)
  A worm (D:3)
  2 dart slugs (D:3)
  4 ball pythons
  3 endoplasms
  4 giant cockroaches
  4 goblins
  7 hobgoblins
  6 kobolds
  2 quokkas
  6 bats
  2 frilled lizards
  6 rats
50 creatures vanquished.

Notes
Turn   | Place    | Note
-------+----------+-------------------------------------------
     0 | D:1      | 27snakeeyes612 the Gargoyle Fighter began the quest for the
                  | Orb.
     0 | D:1      | Reached XP level 1. HP: 14/14 MP: 1/1
   195 | D:1      | Reached XP level 2. HP: 13/19 MP: 2/2
   761 | D:2      | Reached XP level 3. HP: 23/23 MP: 3/3
  1652 | D:3      | Found a sacrificial altar of Ru.
  1678 | D:3      | Found a runed translucent door.
  1699 | D:3      | Noticed a bullfrog
  1700 | D:3      | Noticed endorz's ghost (amateur OpTm)
  1864 | D:3      | Reached XP level 4. HP: 28/28 MP: 4/4
  2127 | D:3      | Noticed an ice beast
  2674 | D:3      | Found a runed translucent door.
  2728 | D:4      | Found a sand-covered staircase.
  2738 | D:4      | Killed a bullfrog
  2739 | D:4      | Reached skill level 4 in Armour
  2739 | D:4      | Reached XP level 5. HP: 6/33 MP: 5/5
  2741 | D:4      | Slain by a river rat

Illustrated notes

Levels and vault maps discovered:
D:1:      wheals_arrival_shading, layout_rooms
D:2:      layout_loops_ring, minivault_24
D:3:      layout_basic, lemuel_crystal_altar, amcnicky_altar_gilded,
          ebering_ghost_sewer_f, uniq_terence
D:4:      layout_basic, minmay_temple_entry_trees, enter_ossuary_1,
          serial_rivers, chequers_serial_rivers_micro_e,
          chequers_serial_rivers_small_b, chequers_serial_rivers_small_a,
          chequers_serial_rivers_marsh, chequers_serial_rivers_room_b,
          chequers_serial_rivers_small_3, uniq_pikel

Skill      XL: |  1  2  3  4 |
---------------+-------------+-----
Maces & Flails | 3 |  3.8
Armour         | 4 |  4.1
Fighting       | |  3.7
Dodging        | |  0.4
Shields        | |  3.9

Action                   |  1- 3 |  4- 6 || total
-------------------------+-------+-------++-------
Melee: Flail             |   109 |    54 ||   163
  Use: Potion            |       |     1 ||     1
Armor: Scale mail        |    51 |    37 ||    88
Dodge: Dodged            |    26 |    21 ||    47
Block: Kite shield       |    68 |    45 ||   113

Table legend: (Time is in decaauts)
 A = Elapsed time spent in this place.
 B = Non-inter-level travel time spent in this place.
 C = Inter-level travel time spent in this place.
 D = Time resting spent in this place.
 E = Time spent auto-exploring this place.
 F = Levels seen in this place.
 G = Mean time per level.
                   A        B        C        D        E       F      G
               +--------+--------+--------+--------+--------+-----+--------+
         Total |   2823 |   2740 |     83 |    115 |   2036 |   4 |  705.8 |
       Dungeon |   2823 |   2740 |     83 |    115 |   2036 |   4 |  705.8 |
               +--------+--------+--------+--------+--------+-----+--------+

Top non-repeatable levels by time:
     D:2: 1167 daAuts
     D:3: 987 daAuts
     D:1: 652 daAuts
     D:4: 16 daAuts
